 Dungeon Crawl Stone Soup version 0.31-a0-965-g8a8ce12e04 (webtiles) character file.

Game seed: 93755827089229096

411 lunkers the Insei (level 7, 0/78 HPs)
             Began as a Meteoran Shapeshifter on Oct 26, 2023.
             Was an Initiate of Nemelex Xobeh.
             Slain by a gnoll
             ... wielding a +0 halberd
             ... led by a gnoll sergeant
              (6 damage)
             ... on level 5 of the Dungeon.
             The game lasted 00:03:53 (1751 turns).

lunkers the Insei (Meteoran Shapeshifter)           Turns: 1751, Time: 00:03:53

Health: 0/78       AC: 27    Str: 15    XL:     7   Next: 36%
Magic:  8/8        EV: -1    Int:  8    God:    Nemelex Xobeh [......]
Gold:   140        SH:  0    Dex: 16    Spells: 6/6 levels left

rFire   + .          .
                       - Unarmed
rCold   . . .        (no shield)
rNeg    . . .        g - melded +0 ring mail
rPois   +            (helmet currently unavailable)
rElec   .            (cloak currently unavailable)
rCorr   .            (gloves currently unavailable)
SInv    .            (boots currently unavailable)
Will    ++...        i - amulet of the acrobat
Stlth   +            e - +4 ring of protection
HPRegen 0.33/turn    t - ring of Nuethuv {rPois rF+ Will++ Int-4 Stlth+}
MPRegen 0.11/turn

%: acrobat
@: tree-form, grasped by roots, glowing, constricted
A: stationary, stasis, torment immunity, boosted hp, sense surroundings 1,
otherworldly, glowing, explore regen
a: Renounce Religion, Draw Escape, Draw Destruction, Draw Summoning


You were on level 5 of the Dungeon.
You worshipped Nemelex Xobeh.
Nemelex Xobeh was noncommittal.
You were a tree.
You visited 1 branch of the dungeon, and saw 5 of its levels.

You collected 140 gold pieces.

Inventory:

Armour
 a - a +0 animal skin
 g - a +0 ring mail (melded)
Jewellery
 e - a +4 ring of protection (left branch)
 i - an amulet of the acrobat (around neck)
 t - the ring of Nuethuv (right branch) {rPois rF+ Will++ Int-4 Stlth+}
   (You found it on level 4 of the Dungeon)

   [ring of protection from fire]

   Int-4:     It affects your intelligence (-4).
   rF+:       It protects you from fire.
   rPois:     It protects you from poison Will++: It greatly increases your
   willpower.
   Stlth+:    It makes you more stealthy.
Talismans
 c - a beast talisman
 d - a flux talisman
Scrolls
 k - a scroll of summoning {unknown}
 l - a scroll of enchant armour {unknown}
 m - a scroll of amnesia {unknown}
 o - 3 scrolls of identify {unknown}
 p - a scroll of fear {unknown}
 r - a scroll of immolation {unknown}
 u - a scroll of teleportation {unknown}
Potions
 f - a potion of heal wounds {unknown}
 h - 5 potions of curing {unknown}
 j - a potion of brilliance {unknown}
 n - a potion of attraction {unknown}
 q - 3 potions of degeneration {unknown}
 s - a potion of might {unknown}


   Skills:
 - Level 1.1 Fighting
 - Level 2.1 Dodging
 * Level 7.6 Unarmed Combat
 + Level 5.7 Shapeshifting


You had 6 spell levels left.
You didn't know any spells.
Your spell library contained the following spells:

 Spells                   Type           Power      Damage    Failure   Level
 Wereblood                Tmut           0%         N/A       54%         2
 Irradiate                Conj/Tmut      0%         3d11      100%        5


Dungeon Overview and Level Annotations

Branches:
Dungeon (5/15) Zot: 1273
 Temple: D:4-7

Altars:
Nemelex Xobeh
Vehumet
Yredelemnul


Innate Abilities, Weirdness & Mutations

You are a tree.
Your roots penetrate the ground, keeping you stationary.
You cannot be teleported.
You are immune to unholy pain and torment.
Your maximum health is greatly increased.
Your equipment is partially melded.
You passively map a small area around you.
You are easily found by Zot.
You glow in the dark.
You regain HP and MP as you explore.


Message History

You punch the gnoll sergeant!
The gnoll sergeant is moderately wounded.
The gnoll hits you with a +0 halberd.
The black bear bites you but does no damage.
The black bear barely misses you. The black bear claws you.
* * * LOW HITPOINT WARNING * * *
The gnoll hits you but does no damage. The gnoll sergeant closely misses you.
Your transformation has ended.
You turn into a tree.
Your +0 ring mail melds into your body.
Your roots penetrate the ground.
The gnoll zaps a wand.
The roots erupt in riotous growth!
The gnoll sergeant is unaffected.
The gnoll is unaffected. x2
The grasping roots grab you!
The black bear is unaffected.
The grasping roots constrict you.
* * * LOW HITPOINT WARNING * * *
The gnoll hits you with a +0 halberd!
* * * LOW HITPOINT WARNING * * *
The gnoll hits you with a +0 flail of protection!
* * * LOW HITPOINT WARNING * * *
The gnoll hits you but does no damage.
The black bear bites you but does no damage.
The black bear claws you but does no damage. x2
You hit the black bear.
The black bear is lightly wounded.
The gnoll hits you with a +0 halberd.
* * * LOW HITPOINT WARNING * * *
The gnoll hits you with a +0 flail!
* * * LOW HITPOINT WARNING * * *
The black bear bites you but does no damage.
The black bear claws you but does no damage. x2
The gnoll sergeant hits you with a +3 heavy spear.
* * * LOW HITPOINT WARNING * * *
The gnoll hits you with a +0 flail of protection!
* * * LOW HITPOINT WARNING * * *
The grasping roots constrict you.
You closely miss the black bear.
The black bear is lightly wounded.
The gnoll hits you with a +0 halberd.
You die...
Your body disappears without additional glow.

###...........#..
###..........#
#.........# ####* *
#........## ##.... *
###.......###$.....
##.......#....... *
##................
#######........ggg......,
....#...###..)..♣h......
.......## ###...gg......
......## #........... ,
......# #........... ,
......# ##..........
......## #.....>....
.#.....# #..........
#####.## ########... ###
*


You could see a black bear, a gnoll sergeant and 4 gnolls.

Vanquished Creatures
  A scorpion (D:5)
  A hound (D:3)
  An orc priest (D:3)
  An iguana (D:4)
  A sleepcap (D:5)
  An orc wizard (D:3)
  6 gnolls
  8 adders
  5 dart slugs
  11 orcs
  6 bats
  2 endoplasms
  A giant cockroach (D:1)
  5 goblins
  5 hobgoblins
  3 jackals (D:2)
  2 quokkas
  5 ball pythons
  2 frilled lizards
  8 kobolds
  6 rats
81 creatures vanquished.

Notes
Turn   | Place    | Note
-------+----------+-------------------------------------------
     0 | D:1      | lunkers the Meteoran Shapeshifter began the quest for the
                  | Orb.
     0 | D:1      | Reached XP level 1. HP: 16/16 MP: 2/2
    75 | D:1      | Reached XP level 2. HP: 23/23 MP: 3/3
    81 | D:1      | Reached skill level 4 in Unarmed Combat
   201 | D:1      | Reached XP level 3. HP: 11/28 MP: 4/4
   494 | D:2      | Reached XP level 4. HP: 35/35 MP: 5/5
   516 | D:2      | Reached skill level 5 in Unarmed Combat
   696 | D:2      | Reached XP level 5. HP: 30/40 MP: 6/6
   741 | D:3      | Reached skill level 6 in Unarmed Combat
   780 | D:3      | Reached XP level 6. HP: 42/47 MP: 7/7
   798 | D:3      | Reached skill level 5 in Shapeshifting
  1226 | D:4      | Reached skill level 7 in Unarmed Combat
  1270 | D:4      | Found a radiant altar of Vehumet.
  1292 | D:4      | Identified the ring of Nuethuv {rPois rF+ Will++ Int-4
                  | Stlth+}
  1342 | D:4      | Reached XP level 7. HP: 45/52 MP: 8/8
  1521 | D:5      | Entered Level 5 of the Dungeon
  1537 | D:5      | Found a basalt altar of Yredelemnul.
  1550 | D:5      | Found a sparkling altar of Nemelex Xobeh.
  1617 | D:5      | Became a worshipper of Nemelex Xobeh the Trickster
  1751 | D:5      | Slain by a gnoll

Illustrated notes

Levels and vault maps discovered:
D:1:      dpeg_arrival_round_b, layout_loops_ring
D:2:      layout_basic
D:3:      layout_rooms, shapermc_ecumenical_altar_hornbeckon
D:4:      layout_gridville, vehumet_crystals
D:5:      layout_cave_pods, kennysheep_mini_moat,
          mainiacjoe_overflow_six_doors_small, zin_treasury,
          minmay_temple_entry_butterflies, ebering_ghost_reflecting_pool,
          uniq_blork_the_orc

Skill      XL: |  1  2  3  4  5  6 |
---------------+-------------------+-----
Unarmed Combat | 4 5 6 7 |  7.6
Shapeshifting  | 4 5 |  5.7
Fighting       | |  1.1
Dodging        | |  2.1

Action                     |  1- 3 |  4- 6 |  7- 9 || total
---------------------------+-------+-------+-------++-------
  Melee: Unarmed           |    65 |   120 |    24 ||   209
         Punch             |     1 |     3 |     1 ||     5
    Use: Potion            |       |       |     1 ||     1
 Armour: Animal skin       |    26 |       |       ||    26
         Ring mail         |    12 |    62 |    16 ||    90
         Skin              |       |       |    14 ||    14
  Dodge: Dodged            |    26 |    51 |    16 ||    93

Table legend: (Time is in decaauts)
 A = Elapsed time spent in this place.
 B = Non-inter-level travel time spent in this place.
 C = Inter-level travel time spent in this place.
 D = Time resting spent in this place.
 E = Time spent auto-exploring this place.
 F = Levels seen in this place.
 G = Mean time per level.
                   A        B        C        D        E       F      G
               +--------+--------+--------+--------+--------+-----+--------+
         Total |   1726 |   1662 |     64 |      0 |   1071 |   5 |  345.2 |
       Dungeon |   1726 |   1662 |     64 |      0 |   1071 |   5 |  345.2 |
               +--------+--------+--------+--------+--------+-----+--------+

Top non-repeatable levels by time:
     D:1: 482 daAuts
     D:4: 480 daAuts
     D:3: 295 daAuts
     D:2: 241 daAuts
     D:5: 226 daAuts
